 Dungeon Crawl Stone Soup version 0.32-a0-814-g0968bab981 (webtiles) character file.

Game seed: 10963484431666390032

6528 croobank the Covert (level 10, -28/52 (53) HPs)
             Began as a Felid Summoner on Mar 23, 2024.
             Was a Priest of Kikubaaqudgha.
             Killed by an exploding blazeheart core (43 damage)
             ... on level 10 of the Dungeon.
             The game lasted 00:39:46 (10411 turns).

croobank the Covert (Felid Summoner)               Turns: 10411, Time: 00:39:47

HP:   -28/52 (53)   AC:  2    Str:  4    XL:     10   Next: 69%
MP:   19/29         EV: 22    Int: 22    God:    Kikubaaqudgha [***...]
Gold: 625           SH:  0    Dex: 18    Spells: 3/21 levels left
                                        Lives: 0   Deaths: 2

rFire   . . .        (weapon unavailable)
rCold   . . .        (shield unavailable)
rNeg    . . .        (body armour unavailable)
rPois   .            (helmet unavailable)
rElec   .            (cloak unavailable)
rCorr   .            (gloves unavailable)
SInv    +            (boots unavailable)
Will    +....        (no amulet)
Stlth   ++++         g - +4 ring of slaying
HPRegen 0.28/turn    r - ring of magical power
MPRegen 0.21/turn

%: no passive effects
@: lethally poisoned (-28 -> -30), animating dead, unable to call your familiar,
lightly drained
A: very small, claws 1, fangs 3, see invisible, shaggy fur 2, stealthy paws, no
weapons or thrown items, no armour, multi-lived
a: Renounce Religion, Unearth Wretches


You were on level 10 of the Dungeon.
You worshipped Kikubaaqudgha.
Kikubaaqudgha was most pleased with you.
You visited 2 branches of the dungeon, and saw 11 of its levels.
You also visited: Ossuary.

You collected 804 gold pieces.
You spent 179 gold pieces at shops.

Inventory:

Jewellery
 g - a +4 ring of slaying (left paw)
 m - an amulet of guardian spirit
 r - a ring of magical power (right paw)
 y - a +4 ring of protection
 E - a ring of magical power
Wands
 k - a wand of polymorph (2)
 o - a wand of mindburst (6)
 w - a wand of charming (17)
 C - a wand of warping (2)
Scrolls
 b - 5 scrolls of vulnerability
 e - 3 scrolls of fog
 f - 2 scrolls of teleportation
 q - 2 scrolls of identify
 s - a scroll of amnesia
 z - a scroll of poison
Potions
 a - 2 potions of magic
 c - a potion of ambrosia
 d - 7 potions of curing
 h - 3 potions of heal wounds
 i - a potion of lignification
 l - a potion of resistance
 n - a potion of attraction {unknown}
 p - a potion of degeneration {unknown}
 t - a potion of enlightenment {unknown}
 u - 2 potions of mutation {unknown}
 v - a potion of brilliance {unknown}
 x - a potion of invisibility {unknown}
 A - a potion of might {unknown}
 B - a potion of haste {unknown}


   Skills:
 + Level 5.9 Fighting
 + Level 8.7 Dodging
 + Level 9.3 Stealth
 + Level 6.0 Spellcasting
 + Level 7.4 Summonings
 + Level 2.8 Necromancy
 - Level 5.0 Fire Magic
 * Level 5.1 Air Magic


You had 3 spell levels left.
You knew the following spells:

 Your Spells              Type           Power      Damage    Failure   Level
a - Summon Small Mammal   Summ           100%       N/A       1%          1
b - Call Imp              Summ           78%        N/A       1%          2
c - Call Canine Familiar  Summ           39%        N/A       1%          3
d - Summon Blazeheart Go  Fire/Summ      33%        N/A       7%          4
e - Summon Lightning Spi  Summ/Air       34%        N/A       7%          4
A - Animate Dead          Necr           19%        N/A       28%         4

Your spell library contained the following spells:

 Spells                   Type           Power      Damage    Failure   Level
 Kiss of Death            Conj/Necr      48%        2d9       4%          1
 Cigotuvi's Dreadful Rot  Necr/Alch/Air  36%        N/A       4%          2
 Sublimation of Blood     Necr           19%        N/A       4%          2
 Blink                    Tloc           12%        N/A       14%         2
 Lesser Beckoning         Tloc           12%        N/A       14%         2
 Momentum Strike          Conj/Tloc      12%        3d8       14%         2
 Martyr's Knell           Necr/Summ      29%        N/A       11%         4
 Dispel Undead            Necr           19%        3d11      28%         4
 Anguish                  Hex/Necr       6%         N/A       45%         4
 Passage of Golubria      Tloc           6%         N/A       65%         4
 Silence                  Hex/Air        8%         N/A       65%         5
 Borgnjor's Vile Clutch   Necr/Erth      6%         N/A       80%         5
 Lehudib's Crystal Spear  Conj/Erth      3%         10d2      100%        8


Dungeon Overview and Level Annotations

Branches:
Dungeon (10/15)            Temple (1/1) D:4            Lair (0/5) D:10
Ossuary (visited)
    Orc: D:9-12

Altars:
Ashenzari
Cheibriados
Dithmenos
Elyvilon
Fedhas
Gozag
Hepliaklqana
Kikubaaqudgha
Makhleb
Nemelex Xobeh
Okawaru
Qazlal
Ru
Sif Muna
Trog
Uskayaw
Vehumet
Wu Jian
Xom
Yredelemnul
Zin
The Shining One

Shops:
D:1 (   D:5 [   D:6 *

Annotations:
D:10 Fannar, Nergalle


Innate Abilities, Weirdness & Mutations

You have sharp claws.
You have razor-sharp teeth.
You have supernaturally acute eyesight. (SInv)
You are covered in thick fur. (AC +2)
Your paws help you pounce on unaware monsters.
You are incapable of wielding weapons or throwing items.
You cannot wear armour.
You gain extra lives every three experience levels.


Message History

You feel very sick.
Nergalle calls out: "Bogdan, Bogbrand, Borgoth - to me!"
The long-dead rise up around you.
Aiming: Mindburst
Press: ? - help, Shift-Dir - straight line, f - Nergalle
Aim: Nergalle, wielding a +2 dagger of venom and wearing a +0 robe of cold resistance (moderately wounded, ally target, chance to affect: 29%) Nergalle easily resists.
You feel sick.
Nergalle hits your blazeheart golem with a +2 dagger of venom.
The spectral orc knight misses you.
The spectral orc warrior closely misses you.
Your blazeheart golem punches Nergalle but does no damage.
The spectral orc warrior misses you.
Okay, then.
Casting: Animate Dead (quite dangerous; 28% risk of failure)
Confirm with . or Enter, or press ? or * to list all spells.
You call for your canine familiar and it appears with a howl!
You feel sick.
Nergalle hits your blazeheart golem but does no damage.
The spectral orc warrior hits you from afar with a +0 trident!
You feel drained.
The spectral orc knight barely misses you.
The spectral orc warrior completely misses you.
You feel sick. Nergalle closely misses your inugami.
The spectral orc knight barely misses you.
Your blazeheart golem punches Nergalle but does no damage.
Your blazeheart golem falls apart, revealing its core!
The spectral orc warrior hits you from afar with a +0 trident!
The spectral orc warrior attacks as it pursues you!
The spectral orc warrior closely misses you.
Your inugami closely misses Nergalle.
You swap places.
You feel sick.
Your blazeheart core explodes!
The fiery explosion engulfs the spectral orc warrior!!
The fiery explosion engulfs your inugami!!
You kill your inugami!
Your inugami disappears in a puff of smoke!
The fiery explosion engulfs you!!!
Ouch! That really hurt!
You die...
Kikubaaqudgha rasps: You have failed me!
Welcome... death!

########################*********
.........#........#....#,,*,,,,,,
.........#........'....#,,*,,,,,,
..##..##'######..##....#,,*,,,,,,
..##..##.##..##..##...##,,**,,,,,
)......#.....ZZZ☼#######,,**,,,,,
)))....#.......☼☼#.....#,,,*,,**,
......#########§@o.....#,,,+,,,**
.....[#,,,,,,,####.....#,,****,*
>.....#,<,,,,,,,,,.....#,,*,,,,*
#+###'#,,,,,,,,,,,.....#,,*,,,,*
,,,,...,,,,,,,,,,,.....#*+*,,,,*
,,,,...#******,,,,##'#...,,,,,,*
,,,,...#,,,,,*,,,,*,.#...,,*****
,,,....#,,,,,***+**,.#,..,,*
,,,,,,,*,,,,,,,,,,,,,*,,,,,*


You could see Nergalle, 2 spectral orc warriors and a spectral orc knight
(summoned).

Vanquished Creatures
  A two-headed ogre (D:10)
  Urug (D:10)
  An unseen horror (D:10)
  Psyche (D:8)
  A troll (D:10)
  7 yaks
  Edmund (D:5)
  An orc warrior (D:10)
  2 centaurs
  A phantom (D:6)
  A gnoll sergeant (D:8)
  4 wights
  A hound (D:6)
  A sleepcap (D:7)
  2 iguanas
  An orc wizard (D:7)
  A mummy (Ossuary)
  3 gnolls
  A white imp (D:5)
  An ufetubus (D:6)
  A ribbon worm (D:4)
  A dart slug (D:3)
  7 orcs
  4 bats
  2 endoplasms
  3 goblins
  5 hobgoblins
  A quokka (D:3)
  6 ball pythons
  A frilled lizard (D:2)
  A hobgoblin zombie (Ossuary)
  5 kobolds
  An orc zombie (Ossuary)
  A rat (D:1)
72 creatures vanquished.

Vanquished Creatures (collateral kills)
  2 yaks (D:9)
  Eustachio (D:5)
  A water moccasin (D:7)
  A nameless horror (D:7)
  A sky beast (D:7)
  4 ogres
  A centaur (D:9)
  A kobold brigand (D:9)
  A phantom (D:6)
  3 bullfrogs
  A scorpion (D:4)
  4 wights
  4 howler monkeys
  6 orc priests
  A hound (D:5)
  5 jellies
  A sleepcap (D:6)
  8 orc wizards
  Terence (D:2)
  An iguana (D:4)
  7 mummies (Ossuary)
  5 gnolls
  6 adders
  A river rat (D:6)
  2 shadow imps (D:6)
  2 white imps (D:7)
  An ufetubus (D:6)
  A ribbon worm (D:2)
  A dart slug (D:1)
  18 orcs
  8 endoplasms
  A giant cockroach (D:4)
  3 gnoll zombies (Ossuary)
  3 hobgoblins
  2 quokkas
  3 ball pythons
  2 bats (D:1)
  3 frilled lizards
  3 goblins
  2 hobgoblin zombies (Ossuary)
  10 kobolds
  A kobold zombie (Ossuary)
  3 rats
136 creatures vanquished.

Vanquished Creatures (others)
  21 blazeheart cores
21 creatures vanquished.

Grand Total: 229 creatures vanquished

Notes
Turn   | Place    | Note
-------+----------+-------------------------------------------
     0 | D:1      | croobank the Felid Summoner began the quest for the Orb.
     0 | D:1      | Reached XP level 1. HP: 9/9 MP: 4/4
   184 | D:1      | Reached skill level 3 in Stealth
   259 | D:1      | Reached XP level 2. HP: 8/13 MP: 4/6
   262 | D:1      | Learned a level 2 spell: Call Imp
   385 | D:1      | Found Cufodudu's Weapon Boutique.
  1103 | D:2      | You fall into a shaft and drop 1 floor!
  1111 | D:3      | Reached XP level 3. HP: 16/16 MP: 2/7
  1206 | D:3      | Found a faded altar of an unknown god.
  1373 | D:2      | Learned a level 3 spell: Call Canine Familiar
  1977 | D:2      | Noticed Terence
  1987 | D:2      | Killed Terence
  1988 | D:2      | Reached XP level 4. HP: 21/21 MP: 1/9
  1988 | D:2      | Gained a life (2 lives remaining)
  2388 | D:3      | Reached skill level 1 in Fighting
  2388 | D:3      | Reached skill level 4 in Stealth
  2397 | D:3      | Reached XP level 5. HP: 23/25 MP: 4/10
  3619 | D:4      | Found a staircase to the Ecumenical Temple.
  3631 | Temple   | Entered the Ecumenical Temple
  3648 | Temple   | Became a worshipper of Kikubaaqudgha
  4046 | D:4      | Found a glowing golden altar of the Shining One.
  4280 | D:4      | Gained mutation: You are covered in thick fur. (AC +2)
                  | [Felid growth]
  4280 | D:4      | Reached XP level 6. HP: 30/30 MP: 3/11
  4284 | D:4      | Reached skill level 5 in Summonings
  4378 | D:4      | Learned a level 4 spell: Summon Blazeheart Golem
  4593 | D:5      | Entered Level 5 of the Dungeon
  4635 | D:5      | Noticed Eustachio
  4701 | D:5      | Reached skill level 5 in Stealth
  4892 | D:5      | Noticed Edmund
  4900 | D:5      | Killed Edmund
  4901 | D:5      | Reached skill level 5 in Dodging
  4901 | D:5      | Reached skill level 1 in Fire Magic
  4901 | D:5      | Reached XP level 7. HP: 35/35 MP: 9/13
  4944 | D:5      | Found Yhah's Antique Armour Shoppe.
  5132 | D:5      | Reached * piety under Kikubaaqudgha
  5132 | D:5      | Received a gift from Kikubaaqudgha
  5180 | D:5      | Found a sand-covered staircase.
  5185 | Ossuary  | Entered an ossuary
  5519 | D:5      | Found a hide-covered altar of Uskayaw.
  5944 | D:5      | Killed Eustachio
  5999 | D:6      | Learned a level 4 spell: Summon Lightning Spire
  6044 | D:6      | Reached XP level 8. HP: 40/40 MP: 9/15
  6097 | D:6      | Reached skill level 6 in Stealth
  6362 | D:6      | Found Zosateh's Assorted Antiques.
  6386 | D:6      | Bought a yellow potion for 23 gold pieces
  6386 | D:6      | Bought a scroll of identify for 52 gold pieces
  6386 | D:6      | Bought a forked gold wand for 104 gold pieces
  6503 | D:6      | Reached skill level 1 in Air Magic
  6906 | D:6      | Found a shadowy altar of Dithmenos.
  6954 | D:6      | Found a glowing silver altar of Zin.
  7435 | D:7      | Found a sacrificial altar of Ru.
  7662 | D:7      | Noticed a nameless horror
  7679 | D:7      | Killed a nameless horror
  7696 | D:7      | Reached skill level 7 in Stealth
  7696 | D:7      | Reached XP level 9. HP: 20/44 MP: 5/16
  7696 | D:7      | Reached ** piety under Kikubaaqudgha
  8490 | D:8      | Reached skill level 5 in Fire Magic
  8554 | D:8      | Reached skill level 5 in Spellcasting
  8723 | D:8      | Noticed Psyche
  8750 | D:8      | Killed Psyche
  8949 | D:8      | Reached skill level 5 in Fighting
  8949 | D:8      | Reached skill level 8 in Stealth
  8959 | D:8      | Reached skill level 1 in Necromancy
  9453 | D:9      | Reached XP level 10. HP: 41/51 MP: 19/19
  9585 | D:9      | Found a sparkling altar of Nemelex Xobeh.
 10004 | D:10     | Entered Level 10 of the Dungeon
 10034 | D:10     | Found an ornate altar of the Wu Jian Council.
 10034 | D:10     | Noticed Urug
 10045 | D:10     | Demolished by Urug
 10045 | D:10     | Lost a life (1 life remaining)
 10262 | D:10     | Killed Urug
 10263 | D:10     | Reached skill level 9 in Stealth
 10264 | D:10     | Noticed Fannar
 10269 | D:10     | HP: 2/53 [Fannar/bolt of cold (17)]
 10273 | D:10     | Mangled by Fannar
 10273 | D:10     | Lost a life (0 lives remaining)
 10327 | D:10     | Noticed a two-headed ogre
 10338 | D:10     | Killed a two-headed ogre
 10338 | D:10     | Reached *** piety under Kikubaaqudgha
 10338 | D:10     | Received a gift from Kikubaaqudgha
 10339 | D:10     | Reached skill level 5 in Air Magic
 10360 | D:10     | Learned a level 4 spell: Animate Dead
 10404 | D:10     | Noticed Nergalle
 10411 | D:10     | Killed by an exploding blazeheart core

Illustrated notes

Levels and vault maps discovered:
D:1:      sevenhm_arrival_forest_fort_small_4, layout_basic, serial_shops,
          nicolae_lakefront_shop
D:2:      layout_loops_cross, serial_rivers, chequers_serial_rivers_micro_c,
          chequers_serial_rivers_micro_c, chequers_serial_rivers_micro_d,
          chequers_serial_rivers_room_b, chequers_serial_rivers_micro_e,
          uniq_terence
D:3:      layout_basic, serial_co_window_serial, co_window_paths_a,
          co_window_corner_a, co_window_corner_a, co_window_cross_1,
          co_window_corner_a, co_window_of_opportunity_a, co_window_broadway_a,
          co_window_2corner, co_window_2corner, co_window_corner_ca,
          co_window_broadway_b, co_window_2corner, glass_columns_b,
          dreamdust_ecumenical_altar_angels_and_demons
D:4:      layout_basic, mainiacjoe_overflow_surrounded_room,
          minmay_temple_entry_statues_pillars, minmay_misc_feat_rows,
          kennysheep_potato
D:5:      layout_loops_ring, nicolae_uskayaw_suspiria, serial_shops,
          nicolae_shop_statue_plus, enter_ossuary_2, dk_noncrumbling_2,
          serial_bayou_pond_a, kennysheep_small_square, uniq_edmund,
          uniq_eustachio
D:6:      layout_cave_pods, nicolae_overflow_squiral, serial_shops, shop,
          kennysheep_small_circle
D:7:      layout_basic, mainiacjoe_overflow_cross_hatched
D:8:      layout_basic, uniq_psyche
D:9:      layout_cave_pools, nemelex_diamond_rough_becter
D:10:     layout_gridville, mainiacjoe_overflow_tiny_flanked, lair_entry_dummy,
          enter_bailey_3, uniq_fannar, uniq_urug, uniq_nergalle, uniq_snorg
Temple:   regret_index_temple_waves

Skill      XL: |  1  2  3  4  5  6  7  8  9 10 |
---------------+-------------------------------+-----
Stealth        | 3 4 5 7 8 9 |  9.3
Dodging        | 3 4 5 6 7 8 |  8.7
Fighting       | 1 2 3 4 5 |  5.9
Spellcasting   | 3 4 5 6 |  6.0
Summonings     | 5 6 7 |  7.4
Fire Magic     | 1 2 4 5 |  5.0
Air Magic      | 1 3 5 |  5.1
Necromancy     | 1 2 |  2.8

Action                     |  1- 3 |  4- 6 |  7- 9 | 10-12 || total
---------------------------+-------+-------+-------+-------++-------
  Melee: Unarmed           |    38 |    31 |    39 |    12 ||   120
         Punch             |     1 |       |       |       ||     1
         Bite              |     4 |     1 |     4 |     3 ||    12
   Cast: Summon Small Mamm |    30 |    26 |    34 |     4 ||    94
         Call Imp          |    13 |    19 |    23 |     3 ||    58
         Call Canine Famil |     2 |    15 |    19 |     4 ||    40
         Summon Blazeheart |       |     1 |    24 |    11 ||    36
         Summon Lightning  |       |       |     5 |     4 ||     9
         Animate Dead      |       |       |       |     1 ||     1
  Evoke: Wand              |       |       |     3 |     1 ||     4
    Use: Scroll            |       |     7 |    12 |     1 ||    20
         Potion            |       |       |     1 |     3 ||     4
   Stab: Sleeping          |     7 |     6 |     5 |       ||    18
         Distracted        |     1 |       |     1 |       ||     2
 Armour: Skin              |    11 |    14 |    45 |    24 ||    94
  Dodge: Dodged            |    28 |    29 |    67 |    40 ||   164

Table legend: (Time is in decaauts)
 A = Elapsed time spent in this place.
 B = Non-inter-level travel time spent in this place.
 C = Inter-level travel time spent in this place.
 D = Time resting spent in this place.
 E = Time spent auto-exploring this place.
 F = Levels seen in this place.
 G = Mean time per level.
                   A        B        C        D        E       F      G
               +--------+--------+--------+--------+--------+-----+--------+
         Total |  10422 |  10130 |    292 |   1287 |   6587 |  12 |  868.5 |
       Dungeon |  10074 |   9795 |    279 |   1209 |   6549 |  10 | 1007.4 |
        Temple |     30 |     17 |     13 |      0 |      0 |   1 |   30.0 |
       Ossuary |    317 |    317 |      0 |     78 |     38 |   1 |  317.0 |
               +--------+--------+--------+--------+--------+-----+--------+

Top non-repeatable levels by time:
     D:3: 1569 daAuts
     D:6: 1352 daAuts
     D:4: 1200 daAuts
     D:7: 1096 daAuts
     D:1: 1037 daAuts
     D:5: 920 daAuts
     D:2: 908 daAuts
     D:8: 890 daAuts
     D:9: 681 daAuts
    D:10: 415 daAuts
 Ossuary: 317 daAuts
  Temple: 30 daAuts
